 Dungeon Crawl Stone Soup version 0.21.1-1-g345015f (webtiles) character file.

5967 wojtek the Cleaver (level 10, -8/91 HPs)
             Began as a Minotaur Fighter on Mar 26, 2018.
             Was a Follower of Makhleb.
             Mangled by a two-headed ogre
             ... wielding a +0 giant club
              (11 damage)
             ... on level 10 of the Dungeon.
             The game lasted 00:13:55 (8830 turns).

wojtek the Cleaver (Minotaur Fighter)               Turns: 8830, Time: 00:13:56

Health: -8/91      AC: 16    Str: 25    XL:     10   Next: 55%
Magic:  10/10      EV: 13    Int:  5    God:    Makhleb [*.....]
Gold:   585        SH:  0    Dex:  9    Spells: 9/9 levels left

rFire    . . .     SeeInvis .   a - +3 battleaxe (freeze)
rCold    . . .     Gourm    .   (shield currently unavailable)
rNeg     . . .     Faith    .   u - +0 scale mail
rPois    .         Spirit   .   (helmet restricted)
rElec    .         Reflect  .   y - +2 cloak
rCorr    .         Harm     .   R - +2 pair of gloves
MR       .....                  b - +0 pair of boots
Stlth    ..........             (no amulet)
HPRegen  0.25/turn              (no ring)
MPRegen  0.12/turn              (no ring)

@: no status effects
A: retaliatory headbutt, horns 2
a: Renounce Religion


You were on level 10 of the Dungeon.
You worshipped Makhleb.
Makhleb was aware of your devotion.
You were hungry.

You visited 2 branches of the dungeon, and saw 11 of its levels.
You also visited: Sewer and Ossuary.

You collected 585 gold pieces.

Inventory:

Hand Weapons
 a - a +3 battleaxe of freezing (weapon)
 Q - a +0 war axe
Missiles
 h - 9 javelins (quivered)
 L - 5 tomahawks
Armour
 b - a +0 pair of boots (worn)
 c - a +0 shield
 u - a +0 scale mail (worn)
 y - a +2 cloak (worn)
 B - a +2 ring mail of cold resistance
 O - a +0 ring mail of fire resistance
 R - a +2 pair of gloves (worn)
Magical Staves
 J - an uncursed staff of death {unknown}
 P - an uncursed staff of poison {unknown}
Jewellery
 i - an uncursed amulet of magic regeneration
 M - an uncursed ring of ice
Wands
 s - a wand of random effects (33)
 w - a wand of acid (11)
 F - a wand of paralysis (12)
Scrolls
 e - 9 scrolls of teleportation
 g - a scroll of noise {unknown}
 j - 3 scrolls of magic mapping {unknown}
 k - 6 scrolls of blinking
 m - 6 scrolls of remove curse {unknown}
 n - 6 scrolls of identify
 o - 3 scrolls of enchant armour {unknown}
 x - 2 scrolls of immolation {unknown}
 E - 2 scrolls of enchant weapon {unknown}
 I - a scroll of fear {unknown}
 K - 2 scrolls of amnesia {unknown}
Potions
 d - 4 potions of might
 l - 2 potions of haste
 p - 6 potions of degeneration {unknown}
 t - 2 potions of magic {unknown}
 v - 2 potions of cancellation {unknown}
 z - 4 potions of curing {unknown}
 C - a potion of resistance {unknown}
 D - a potion of agility {unknown}
 G - 2 potions of flight {unknown}
 H - 2 potions of brilliance {unknown}
 N - a potion of lignification {unknown}
Books
 r - a book of Maledictions

   Spells                             Type                      Level
   a - Corona                         Hexes                        1
   b - Ensorcelled Hibernation        Hexes/Ice                    2
   c - Confuse                        Hexes                        3
   d - Tukima's Dance                 Hexes                        3
   e - Dazzling Spray                 Conjuration/Hexes            3
 A - a book of Changes

   Spells                             Type                      Level
   a - Beastly Appendage              Transmutation                1
   b - Sticks to Snakes               Transmutation                2
   c - Spider Form                    Transmutation/Poison         3
   d - Ice Form                       Ice/Transmutation            4
   e - Blade Hands                    Transmutation                5
Comestibles
 f - 20 rations


   Skills:
 + Level 9.6 Fighting
 + Level 11.1 Axes
 + Level 9.6 Armour
 + Level 8.0 Dodging
 - Level 3.6 Shields
 * Level 2.1 Invocations


You had 9 spell levels left.
You didn't know any spells.

Dungeon Overview and Level Annotations

Branches:
Dungeon (10/15)            Temple (1/1) D:7            Lair (0/6) D:9
    Orc: D:9-12

Altars:
Ashenzari
Cheibriados
Dithmenos
Elyvilon
Fedhas
Gozag
Hepliaklqana
Kikubaaqudgha
Makhleb
Nemelex Xobeh
Okawaru
Qazlal
Ru
Sif Muna
Trog
Uskayaw
Vehumet
Wu Jian
Xom
Yredelemnul
Zin
The Shining One


Innate Abilities, Weirdness & Mutations

You reflexively headbutt those who attack you in melee.
You have a pair of horns on your head.


Message History

Press: ? - help, Shift-Dir - straight line, f/p - two-headed ogre
Aim: a two-headed ogre, wielding two giant clubs (chance to defeat MR: 28%)
The two-headed ogre easily resists.
The two-headed ogre hits you with a giant club!!
* * * LOW HITPOINT WARNING * * *
The two-headed ogre hits you with a giant club!
* * * LOW HITPOINT WARNING * * *
There is a stone staircase leading up here.
Evoke which item? (* to show all) (? for menu, Esc to quit)
Aiming: Paralyse
Press: ? - help, Shift-Dir - straight line, f/p - two-headed ogre
Aim: a two-headed ogre, wielding two giant clubs (chance to defeat MR: 28%)
The two-headed ogre easily resists.
Evoke which item? (* to show all) (? for menu, Esc to quit)
Aiming: Paralyse
Press: ? - help, Shift-Dir - straight line, f/p - two-headed ogre
Aim: a two-headed ogre, wielding two giant clubs (chance to defeat MR: 28%)
The two-headed ogre easily resists.
The two-headed ogre hits you with a giant club!
You die...

#.. #.........# #..
#.....:...#
#..#####.........#.
#...................
#...................
#...............##..
#...............# .
#.....O.........#
#.....@.........#
#.................#
#.................#
#.##...............
# #...............
#.........###..
#.........#
#.........#


You could see a two-headed ogre.

Vanquished Creatures
  2 two-headed ogres
  Pikel (D:8)
  The ghost of xccam the Covert, a novice OpMo of Ru (D:4)
  Maurice (D:8)
  A komodo dragon (D:9)
  A spriggan (D:7)
  2 orc warriors
  Purgy (Sewer)
  A slave (D:8)
  A sky beast (D:7)
  3 ogres
  A phantom (D:9)
  3 centaurs
  A big kobold (D:8)
  2 bullfrogs (D:8)
  4 scorpions
  6 killer bees
  9 wights
  2 howler monkeys (D:7)
  4 crimson imps
  A centaur zombie (Ossuary)
  2 hounds
  2 bullfrog skeletons
  7 orc wizards
  Ijyb (D:3)
  A human zombie (Ossuary)
  3 jellies
  An iguana (D:9)
  6 worker ants
  2 big kobold zombies (Ossuary)
  A hound zombie (D:8)
  A hound skeleton (D:5)
  5 mummies (Ossuary)
  A worker ant zombie (D:7)
  4 gnolls (D:5)
  10 adders
  2 shadow imps
  3 adder skeletons
  A worm (D:4)
  4 dart slugs
  8 leopard geckos
  21 orcs
  11 giant cockroaches
  5 goblins
  11 hobgoblins
  11 jackals
  15 kobolds
  2 quokkas
  6 ball pythons
  A ball python zombie (D:5)
  9 bats
  5 frilled lizards
  3 goblin zombies (Ossuary)
  A kobold zombie (Ossuary)
  A leopard gecko zombie (D:7)
  9 rats
224 creatures vanquished.

Vanquished Creatures (others)
  2 plants (D:9)
2 creatures vanquished.

Grand Total: 226 creatures vanquished

Notes
Turn   | Place    | Note
-------+----------+-------------------------------------------
     0 | D:1      | wojtek the Minotaur Fighter began the quest for the Orb.
     0 | D:1      | Reached XP level 1. HP: 19/19 MP: 0/0
    92 | D:1      | Reached skill level 3 in Axes
   126 | D:1      | Reached XP level 2. HP: 24/26 MP: 1/1
   314 | D:1      | Reached skill level 4 in Axes
   356 | D:1      | Reached XP level 3. HP: 25/31 MP: 2/2
   734 | D:2      | Reached skill level 5 in Axes
   981 | D:2      | Reached XP level 4. HP: 36/39 MP: 3/3
  1057 | D:2      | Found a radiant altar of Vehumet.
  1067 | D:2      | Found an ornate altar of the Wu Jian Council.
  1393 | D:3      | Found a blossoming altar of Fedhas.
  1393 | D:3      | Noticed Ijyb
  1412 | D:3      | Killed Ijyb
  1412 | D:3      | Reached skill level 6 in Axes
  1547 | D:3      | Reached XP level 5. HP: 38/45 MP: 4/4
  1804 | D:3      | Found a shimmering altar of Xom.
  2233 | D:4      | Found a sand-covered staircase.
  2241 | Ossuary  | Entered an ossuary
  2286 | Ossuary  | Reached skill level 7 in Axes
  2518 | Ossuary  | Reached skill level 1 in Dodging
  2518 | Ossuary  | Reached XP level 6. HP: 52/52 MP: 5/5
  2935 | D:4      | Noticed xccam's ghost (novice OpMo)
  2959 | D:4      | Killed xccam's ghost
  2959 | D:4      | Reached skill level 5 in Fighting
  2959 | D:4      | Reached skill level 8 in Axes
  2959 | D:4      | Reached skill level 5 in Armour
  2959 | D:4      | Reached XP level 7. HP: 56/61 MP: 6/6
  3234 | D:4      | Found a deep blue altar of Sif Muna.
  3351 | D:5      | Entered Level 5 of the Dungeon
  3404 | D:5      | Reached XP level 8. HP: 40/70 MP: 7/7
  4205 | D:6      | Found a glowing drain.
  4228 | Sewer    | Entered a sewer
  4339 | Sewer    | Noticed Purgy
  4352 | Sewer    | Killed Purgy
  4352 | Sewer    | Reached skill level 9 in Axes
  4546 | D:6      | Reached skill level 5 in Dodging
  5203 | D:7      | Reached XP level 9. HP: 67/79 MP: 8/8
  5915 | D:7      | Found a staircase to the Ecumenical Temple.
  5932 | Temple   | Entered the Ecumenical Temple
  6152 | Temple   | Became a worshipper of Makhleb the Destroyer
  6698 | D:8      | Noticed Maurice
  6708 | D:8      | Paralysed by Maurice for 3 turns
  6752 | D:8      | Reached skill level 10 in Axes
  7161 | D:8      | Reached * piety under Makhleb
  7419 | D:8      | Noticed a two-headed ogre
  7454 | D:8      | Killed a two-headed ogre
  7454 | D:8      | Reached XP level 10. HP: 27/90 MP: 9/9
  7724 | D:8      | Found a shattered altar of Ashenzari.
  7931 | D:8      | Killed Maurice
  7989 | D:8      | Found a stormy altar of Qazlal.
  7989 | D:8      | Noticed Pikel
  8000 | D:8      | Killed Pikel
  8118 | D:9      | Found a hazy altar of Hepliaklqana.
  8267 | D:9      | Found a staircase to the Lair.
  8365 | D:9      | Reached skill level 11 in Axes
  8419 | D:9      | Noticed a two-headed ogre
  8426 | D:9      | Killed a two-headed ogre
  8803 | D:10     | Entered Level 10 of the Dungeon
  8809 | D:10     | Noticed a two-headed ogre
  8820 | D:10     | HP: 1/91 [two-headed ogre/giant club (9)]
  8830 | D:10     | Mangled by a two-headed ogre

Skill      XL: |  1  2  3  4  5  6  7  8  9 10 |
---------------+-------------------------------+-----
Axes           | 3 4 5 6 7 8 9 10 11 | 11.1
Dodging        | 1 3 5 7 8 |  8.0
Fighting       | 5 7 8 9 |  9.6
Armour         | 5 7 8 9 |  9.6
Invocations    | 2 |  2.1
Shields        | |  3.6

Action                   |  1- 3 |  4- 6 |  7- 9 | 10-12 || total
-------------------------+-------+-------+-------+-------++-------
Melee: War axe           |   112 |   200 |   324 |    38 ||   674
       Headbutt          |    11 |    32 |    56 |    14 ||   113
       Battleaxe         |       |       |       |    31 ||    31
Evoke: Wand              |       |       |     7 |    11 ||    18
  Use: Scroll            |       |       |     4 |       ||     4
 Stab: Paralysed         |       |       |     3 |       ||     3
  Eat: Chunk             |       |     7 |    11 |     4 ||    22
       Ration            |       |       |     1 |       ||     1
Armor: Scale mail        |    60 |    65 |   140 |    18 ||   283
Dodge: Dodged            |    39 |    56 |   145 |    23 ||   263
Block: Shield            |    74 |    84 |   157 |    13 ||   328
